 Dungeon Crawl Stone Soup version 0.27.1-33-g824d729ab1 (webtiles) character file.

Game seed: 14371730187112118238

66 bearlyready the Insei (level 4, -1/34 HPs)
             Began as a Gnoll Transmuter on Nov 25, 2021.
             Slain by an adder (4 damage)
             ... on level 2 of the Dungeon.
             The game lasted 00:03:55 (3216 turns).

bearlyready the Insei (Gnoll Transmuter)            Turns: 3216, Time: 00:03:56

Health: -1/34      AC:  2    Str: 15    XL:     4   Next: 15%
Magic:  10/11      EV: 13    Int: 14    God:
Gold:   187        SH:  0    Dex: 12    Spells: 7/13 levels left

rFire    . . .     SeeInvis .   e - +0 dagger
rCold    . . .     Faith    .   (no shield)
rNeg     . . .     Spirit   .   a - +0 robe
rPois    .         Reflect  .   (helmet currently unavailable)
rElec    .         Harm     .   (no cloak)
rCorr    .         Rampage  .   (no gloves)
Will     .....                  (boots currently unavailable)
Stlth    ++........             (no amulet)
HPRegen  0.11/turn              k - +6 ring of strength
MPRegen  0.12/turn              (no ring)

@: brilliant, lethally poisoned (-1 -> -5), appendages
A: horns 2, talons 2, fangs 1, strong nose, distributed training
a: End Transformation


You were on level 2 of the Dungeon.
You had temporarily grown beastly horns and talons.
You visited 1 branch of the dungeon, and saw 2 of its levels.

You collected 187 gold pieces.

Inventory:

Hand Weapons
 e - a +0 dagger (weapon)
 g - a +0 hunting sling
Missiles
 h - 29 stones (quivered)
 i - 18 bolts
 n - 18 arrows
Armour
 a - a +0 robe (worn)
 c - a +1 pair of boots (melded)
Jewellery
 k - a +6 ring of strength (left hand)
Scrolls
 f - 2 scrolls of identify {unknown}
 j - a scroll of enchant armour {unknown}
 l - a scroll of amnesia {unknown}
 o - a scroll of summoning {unknown}
Potions
 b - a potion of ambrosia {unknown}
 d - a potion of brilliance
 m - 2 potions of berserk rage {unknown}


   Skills:
 + Level 2.7 Fighting
 + Level 1.0 Short Blades
 + Level 1.0 Long Blades
 + Level 1.0 Axes
 + Level 1.0 Maces & Flails
 + Level 1.0 Polearms
 + Level 1.0 Staves
 + Level 1.0 Slings
 + Level 1.0 Bows
 + Level 1.0 Crossbows
 + Level 1.0 Throwing
 + Level 1.0 Armour
 + Level 4.6 Dodging
 + Level 1.0 Stealth
 + Level 1.0 Shields
 + Level 6.6 Unarmed Combat
 + Level 5.0 Spellcasting
 + Level 0.8 Conjurations
 + Level 0.8 Hexes
 + Level 0.8 Summonings
 + Level 0.8 Necromancy
 + Level 0.8 Translocations
 + Level 3.8 Transmutations
 + Level 0.8 Fire Magic
 + Level 0.8 Ice Magic
 + Level 0.8 Air Magic
 + Level 0.8 Earth Magic
 + Level 0.8 Poison Magic
 + Level 1.1 Invocations
 + Level 1.0 Evocations


You had 7 spell levels left.
You knew the following spells:

 Your Spells              Type           Power      Damage    Failure   Level
a - Beastly Appendage     Tmut           42%        N/A       3%          1
b - Wereblood             Tmut           21%        N/A       5%          2
c - Spider Form           Tmut/Pois      7%         N/A       21%         3

Your spell library contained the following spells:

 Spells                   Type           Power      Damage    Failure   Level
 Ice Form                 Ice/Tmut       15%        N/A       54%         4


Dungeon Overview and Level Annotations

Branches:
Dungeon (2/15)

Altars:
Dithmenos


Innate Abilities, Weirdness & Mutations

You have temporarily grown beastly horns and talons.
You have very sharp teeth.
Your uncanny sense of smell can sniff out nearby items.
Your experience applies equally to all skills.


Message History

You feel sick. The adder misses you. The adder bites you but does no damage.
You hit the adder but do no damage. Your bite misses the adder.
The adder is moderately wounded.
You feel sick. The adder misses you.
You barely miss the adder.
The adder is moderately wounded.
You feel sick. The adder bites you.
You closely miss the adder.
The adder is moderately wounded.
You feel sick. The adder closely misses you.
You are too injured to fight recklessly!
You hit the adder.
The adder is heavily wounded.
You feel sick. The adder completely misses you.
The adder bites you but does no damage.
Casting: Beastly Appendage (safe; 3% risk of failure)
Confirm with . or Enter, or press ? or * to list all spells.
You grow a pair of large bovine horns.
Your feet morph into talons.
Your +1 pair of boots melds into your body.
You feel sick.
You are no longer poisoned.
The adder bites you.
You closely miss the adder. Your kick misses the adder.
Your headbutt misses the adder. You bite the adder, but do no damage.
The adder is heavily wounded.
The adder bites you.
You hit the adder.
The adder is almost dead.
The adder bites you.
You are poisoned.
The adder poisons you!
You barely miss the adder. Your kick misses the adder.
The adder is almost dead.
You feel sick. The adder bites you.
* * * LOW HITPOINT WARNING * * *
It was a potion of brilliance.
You feel clever all of a sudden.
* * * LOW HITPOINT WARNING * * *
You feel sick. The adder closely misses you. The adder bites you.
You die...

###.#...#.##.........###....##
#.#..##.###.......## #>#.##
#...###.# ##.....## #.###
#.### #.# ##...## #.# #.# #.#
##'## #.# #.. ..######.### #.#
#.# ...........# #.#
###..##.#.# #. #.@..#
.......S.......
###..#....##### #..##.#.# ...
....# ### #####


You could see an adder.

Vanquished Creatures
  An adder (D:2)
  4 worms (D:2)
  A dart slug (D:1)
  3 bats (D:2)
  An endoplasm (D:2)
  2 giant cockroaches (D:2)
  2 goblins (D:1)
  4 hobgoblins
  7 jackals (D:1)
  2 kobolds
  3 quokkas (D:2)
  3 ball pythons (D:2)
  A frilled lizard (D:2)
  4 rats
38 creatures vanquished.

Vanquished Creatures (others)
  2 plants (D:1)
  4 toadstools (D:1)
6 creatures vanquished.

Grand Total: 44 creatures vanquished

Notes
Turn   | Place    | Note
-------+----------+-------------------------------------------
     0 | D:1      | bearlyready the Gnoll Transmuter began the quest for the
                  | Orb.
     0 | D:1      | Reached XP level 1. HP: 17/17 MP: 6/6
   240 | D:1      | Found a faded altar of an unknown god.
   278 | D:1      | Reached XP level 2. HP: 23/23 MP: 7/7
   367 | D:1      | HP: 1/23 [something (22)]
   909 | D:1      | Learned a level 2 spell: Wereblood
  1432 | D:2      | Found a shadowy altar of Dithmenos.
  1460 | D:2      | Reached XP level 3. HP: 23/28 MP: 9/9
  1556 | D:2      | Reached skill level 5 in Spellcasting
  2089 | D:2      | Reached skill level 1 in Invocations
  2595 | D:2      | Reached skill level 1 in Short Blades
  2595 | D:2      | Reached skill level 1 in Long Blades
  2595 | D:2      | Reached skill level 1 in Axes
  2595 | D:2      | Reached skill level 1 in Maces & Flails
  2595 | D:2      | Reached skill level 1 in Polearms
  2595 | D:2      | Reached skill level 1 in Staves
  2595 | D:2      | Reached skill level 1 in Slings
  2595 | D:2      | Reached skill level 1 in Bows
  2595 | D:2      | Reached skill level 1 in Crossbows
  2595 | D:2      | Reached skill level 1 in Throwing
  2595 | D:2      | Reached skill level 1 in Armour
  2595 | D:2      | Reached skill level 1 in Stealth
  2595 | D:2      | Reached skill level 1 in Shields
  2595 | D:2      | Reached skill level 1 in Evocations
  2705 | D:2      | Reached XP level 4. HP: 19/34 MP: 9/11
  2709 | D:2      | Learned a level 3 spell: Spider Form
  3216 | D:2      | Slain by an adder

Illustrated notes

Levels and vault maps discovered:
D:1:      moated_graveyard_arrival, layout_rooms,
          shapermc_ecumenical_altar_mp_ritualfount, minmay_gold_behind_fungi,
          serial_bayou_pond_c, lemuel_flame_loot_1
D:2:      minmay_door_path, layout_loops_corners, basic_altar,
          minmay_hexomino_u4

Skill      XL: |  1  2  3 |
---------------+----------+-----
Spellcasting   | 5 |  5.0
Invocations    | 1 |  1.1
Short Blades   | 1 |  1.0
Long Blades    | 1 |  1.0
Axes           | 1 |  1.0
Maces & Flails | 1 |  1.0
Polearms       | 1 |  1.0
Staves         | 1 |  1.0
Slings         | 1 |  1.0
Bows           | 1 |  1.0
Crossbows      | 1 |  1.0
Throwing       | 1 |  1.0
Armour         | 1 |  1.0
Stealth        | 1 |  1.0
Shields        | 1 |  1.0
Evocations     | 1 |  1.0
Fighting       | |  2.7
Dodging        | |  4.6
Unarmed Combat | |  6.6
Conjurations   | |  0.8
Hexes          | |  0.8
Summonings     | |  0.8
Necromancy     | |  0.8
Translocations | |  0.8
Transmutations | |  3.8
Fire Magic     | |  0.8
Ice Magic      | |  0.8
Air Magic      | |  0.8
Earth Magic    | |  0.8
Poison Magic   | |  0.8

Action                   |  1- 3 |  4- 6 || total
-------------------------+-------+-------++-------
Melee: Unarmed           |    12 |       ||    12
       Dagger            |   187 |    30 ||   217
       Bite              |    22 |     6 ||    28
       Kick              |    15 |       ||    15
       Headbutt          |    14 |       ||    14
       Punch             |     5 |       ||     5
Throw: Stone             |     7 |       ||     7
 Cast: Beastly Appendage |     9 |     1 ||    10
       Wereblood         |     3 |       ||     3
  Use: Potion            |       |     1 ||     1
 Stab: Sleeping          |     2 |     1 ||     3
Armor: Robe              |    31 |     6 ||    37
Dodge: Dodged            |   140 |    15 ||   155
